 Dungeon Sprint DCSS version 0.29.1 (webtiles) character file.

Game seed: 12572112096423722685

168 rocky1 the Covered (level 5, 0/52 HPs)
             Began as a Minotaur Fighter on Sept 13, 2022.
             Killed from afar by a deep elf pyromancer (10 damage)
             ... with a sticky flame
             ... in the Dungeon (Sprint III: "The Ten Rune Challenge").
             The game lasted 00:01:46 (1122 turns).

rocky1 the Covered (Minotaur Fighter)               Turns: 1122, Time: 00:01:46

Health: 0/52       AC:  8    Str: 20      XL:     5   Next: 23%
Magic:  4/4        EV: 10    Int:  4 (5)  God:
Gold:   14         SH:  5    Dex: 12      Spells: 4/4 levels left

rFire   . . .      SeeInvis .   a - +0 long sword
rCold   . . .      Faith    .   c - +0 buckler
rNeg    . . .      Spirit   .   b - +0 scale mail
rPois   .          Reflect  .   (helmet restricted)
rElec   .          Harm     .   (no cloak)
rCorr   .          Rampage  .   (no gloves)
Will    .....      NoTele   +   (no boots)
Stlth   ..........              (no amulet)
HPRegen 0.97/turn               (no ring)
MPRegen 0.09/turn               (no ring)

@: mighty, on fire, hasted, glowing, very quick
A: horns 2, retaliatory headbutt, deterioration 1, regeneration 1, noise
suppression
a: no special abilities


You were in the Dungeon.
You visited 1 branch You collected 14 gold pieces.

Inventory:

Hand Weapons
 a - a +0 long sword (weapon)
Armour
 b - a +0 scale mail (worn)
 c - a +0 buckler (worn)
Scrolls
 e - a scroll of immolation {unknown}
 j - a scroll of blinking
 k - 2 scrolls of poison {unknown}
 l - 3 scrolls of identify
Potions
 f - a potion of heal wounds
 h - 2 potions of magic
 m - 2 potions of cancellation {unknown}
 n - 3 potions of flight
 o - 2 potions of mutation


   Skills:
 + Level 7.2 Fighting
 + Level 6.7 Long Blades
 + Level 7.5 Armour
 + Level 2.1 Dodging
 + Level 0.1 Stealth
 + Level 6.8 Shields


You had 4 spell levels left.
You didn't know any spells.
Your spell library was empty.

Dungeon Overview and Level Annotations

Branches:
Dungeon (1/1)

Altars:
Elyvilon
Zin
The Shining One


Innate Abilities, Weirdness & Mutations

You have a pair of horns on your head.
You reflexively headbutt those who attack you in melee.
Your body sometimes deteriorates upon taking damage.
Your natural rate of healing is unusually fast.
You passively dampen the noise of your surroundings.


Message History

You feel yourself speed up.
A deep elf pyromancer comes into view.
It is wielding a +2 long sword of holy wrath.
Found 2 potions of curing.
The deep elf pyromancer shouts!
The deep elf pyromancer gestures wildly while chanting.
There is an open door here.
You slash the fire elemental!
The fire elemental is moderately damaged.
The deep elf pyromancer casts a spell.
The deep elf pyromancer blinks!
You barely miss the fire elemental.
The fire elemental is moderately damaged.
The fire elemental hits you. The fire elemental burns you!
You closely miss the deep elf pyromancer.
Your headbutt misses the deep elf pyromancer.
The fire elemental hits you. The fire elemental burns you!
Your body deteriorates!
You feel dopey.
You block the deep elf pyromancer's attack.
You slash the deep elf pyromancer!
The deep elf pyromancer is moderately wounded.
The fire elemental hits you. The fire elemental burns you!
You barely miss the deep elf pyromancer.
You headbutt the deep elf pyromancer!
The deep elf pyromancer is heavily wounded.
The deep elf pyromancer hits you with a +2 long sword of holy wrath.
The fire elemental closely misses you.
You hit the deep elf pyromancer.
The deep elf pyromancer is severely wounded.
You block the fire elemental's attack.
The deep elf pyromancer hits you with a +2 long sword of holy wrath.
You miss the deep elf pyromancer.
The deep elf pyromancer is severely wounded.
The fire elemental hits you. The fire elemental burns you!
* * * LOW HITPOINT WARNING * * *
The deep elf pyromancer gestures wildly while chanting.
The deep elf pyromancer blinks!
The deep elf pyromancer casts a spell at you.
The sticky flame hits you!
You are covered in liquid flames!
You die...

▓▓▓▓ ▓▓▓ ...#### ##.#####
......#####..#___#
.......#..#..#!.☼#
#.##.).#..#..###E#+###+##
#.###..##'#..#..E.......#
##.##..###...'.⌠........#
..##.÷####...#..@######+#
..##..###....#.⌠e#
.##...##.....#...#
##....#......#+###
##..##.#.....# #..
####....# ▓▓▓ ▓▓▓▓▓▓


You could see a deep elf pyromancer and 2 fire elementals.

Vanquished Creatures
  A scorpion (D)
  A water elemental (D)
  Jessica (D)
  A human (D)
  An endoplasm (D)
  2 rats (D)
7 creatures vanquished.

Notes
Turn   | Place    | Note
-------+----------+-------------------------------------------
     0 | D        | rocky1 the Minotaur Fighter began the quest for the Orb.
     0 | D        | Reached XP level 1. HP: 19/19 MP: 0/0
   145 | D        | Noticed Jessica
   150 | D        | Killed Jessica
   151 | D        | Reached skill level 5 in Fighting
   151 | D        | Reached skill level 5 in Armour
   151 | D        | Reached skill level 5 in Shields
   151 | D        | Reached XP level 2. HP: 29/29 MP: 1/1
   173 | D        | Reached XP level 3. HP: 31/36 MP: 2/2
   547 | D        | Noticed a scorpion
   556 | D        | Killed a scorpion
   557 | D        | Reached skill level 5 in Long Blades
   557 | D        | Reached skill level 1 in Dodging
   557 | D        | Reached XP level 4. HP: 22/45 MP: 3/3
   728 | D        | Gained mutation: Your body sometimes deteriorates upon
                  | taking damage. [potion of mutation]
   729 | D        | Lost mutation: Your body sometimes deteriorates upon taking
                  | damage. [potion of mutation]
   729 | D        | Gained mutation: Your body sometimes deteriorates upon
                  | taking damage. [potion of mutation]
   729 | D        | Gained mutation: Your natural rate of healing is unusually
                  | fast. [potion of mutation]
   729 | D        | Gained mutation: You passively dampen the noise of your
                  | surroundings. [potion of mutation]
   836 | D        | Noticed a water elemental
   840 | D        | Killed a water elemental
   841 | D        | Reached XP level 5. HP: 52/52 MP: 4/4
  1109 | D        | Found a glowing silver altar of Zin.
  1109 | D        | Found a glowing golden altar of the Shining One.
  1109 | D        | Found a white marble altar of Elyvilon.
  1112 | D        | Noticed a deep elf pyromancer
  1113 | D        | Noticed a fire elemental
  1113 | D        | Noticed a fire elemental
  1122 | D        | Killed from afar by a deep elf pyromancer

Illustrated notes

Levels and vault maps discovered:
D:        dungeon_sprint_mu [sprint_mu_entry_cave, sprint_mu_temple_rooms,
          sprint_mu_d1_spiders, sprint_mu_d2_genie, sprint_mu_d3_branching,
          sprint_mu_orc_legion, sprint_mu_elf_gauntlet, sprint_mu_hive_nellie,
          sprint_mu_lair_fedhas, sprint_mu_vaults_butterflies,
          sprint_mu_slime_circle, sprint_mu_shoals_archi,
          sprint_mu_snake_twists, sprint_mu_blade_basic, sprint_mu_crypt_lich,
          sprint_mu_tomb_spiral, sprint_mu_vestibule_basic,
          sprint_mu_gehenna_hellfire, sprint_mu_dis_giant,
          sprint_mu_tartarus_statrot, sprint_mu_cocytus_islands, sprint_mu_zot1]

Skill      XL: |  1  2  3  4 |
---------------+-------------+-----
Fighting       | 5 6 7 |  7.2
Armour         | 5 6 7 |  7.5
Shields        | 5 6 |  6.8
Long Blades    | 3 5 6 |  6.7
Dodging        | 1 2 |  2.1
Stealth        | |  0.1

Action                   |  1- 3 |  4- 6 || total
-------------------------+-------+-------++-------
Melee: Long sword        |    39 |    10 ||    49
       Headbutt          |     3 |     1 ||     4
  Use: Potion            |     1 |     5 ||     6
Armor: Scale mail        |     9 |     4 ||    13
Dodge: Dodged            |    19 |     3 ||    22
Block: Buckler           |     3 |     2 ||     5
